 Dungeon Crawl Stone Soup version 0.20-a0-925-g2efaa84 (webtiles) character file.

2565 AlphabetPasta the Insei (level 9, 0/45 HPs)
             Began as a Vine Stalker Transmuter on Mar 28, 2017.
             Was a Believer of Wu Jian.
             Slain by a hog (3 damage)
             ... on level 7 of the Dungeon.
             The game lasted 00:33:57 (5889 turns).

AlphabetPasta the Insei (Vine Stalker Transmuter)   Turns: 5889, Time: 00:33:57

Health: 0/45       AC:  5    Str: 13    XL:     9   Next: 57%
Magic:  0/17       EV: 14    Int: 15    God:    Wu Jian [**....]
Gold:   260        SH:  0    Dex: 16    Spells: 2/17 levels left

rFire    . . .     SeeInvis .     - Unarmed
rCold    + . .     Gourm    .   (no shield)
rNeg     . . .     Faith    .   y - +2 robe {rC+}
rPois    .         Spirit   +   (no helmet)
rElec    .         Reflect  .   v - +0 cloak
rCorr    .         Harm     .   (no gloves)
MR       +....                  (no boots)
Stlth    +.........             (no amulet)
Regen    0.6/turn               (no ring)
MPRegen  0.2/turn               (no ring)

@: about to teleport
A: fangs 3, regeneration 1, magic shield, antimagic bite, no potion heal 3, rot
immunity
a: Renounce Religion


You were on level 7 of the Dungeon.
You worshipped Wu Jian.
Wu Jian was pleased with you.
You were not hungry.

You visited 2 branches of the dungeon, and saw 8 of its levels.

You collected 260 gold pieces.

Inventory:

Missiles
 m - 3 javelins (quivered)
 n - 46 bolts
Armour
 b - a +1 robe
 v - a +0 cloak (worn)
 y - a +2 robe of cold resistance (worn)
Wands
 r - a wand of confusion (35/48)
 t - a wand of iceblast (6/15)
Scrolls
 h - a scroll of fear
 j - 2 scrolls of teleportation
 k - a scroll of identify
 l - 3 scrolls of fog
 s - 2 scrolls of enchant armour
 u - 2 scrolls of remove curse
 x - a scroll of enchant weapon
Potions
 a - a potion of might
 e - 2 potions of flight
 g - a potion of curing
 i - 3 potions of berserk rage
 o - 2 potions of haste
 q - a potion of invisibility
Books
 c - a book of Changes

   Spells                             Type                      Level
   a - Beastly Appendage              Transmutation                1
   b - Sticks to Snakes               Transmutation                2
   c - Spider Form                    Transmutation/Poison         3
   d - Ice Form                       Ice/Transmutation            4
   e - Blade Hands                    Transmutation                5
Comestibles
 d - 4 meat rations
 f - 3 bread rations


   Skills:
 + Level 4.1 Fighting
 + Level 4.0 Dodging
 * Level 7.5 Unarmed Combat
 + Level 4.9 Spellcasting
 * Level 7.0 Transmutations
 + Level 2.0 Evocations


You had 2 spell levels left.
You knew the following spells:

 Your Spells              Type           Power        Failure   Level  Hunger
a - Beastly Appendage     Tmut           ###...       1%          1    None
b - Sticks to Snakes      Tmut           ###.....     1%          2    ##.....
c - Spider Form           Tmut/Pois      ##........   14%         3    ###....
d - Ice Form              Ice/Tmut       ##......     41%         4    ####...
e - Blade Hands           Tmut           ###.......   28%         5    ######.


Dungeon Overview and Level Annotations

Branches:
Dungeon (7/15)             Temple (1/1) D:4

Altars:
Ashenzari
Cheibriados
Dithmenos
Elyvilon
Fedhas
Gozag
Hepliaklqana
Kikubaaqudgha
Makhleb
Nemelex Xobeh
Okawaru
Qazlal
Ru
Trog
Uskayaw
Vehumet
Wu Jian
Xom
Yredelemnul
Zin
The Shining One

Shops:
D:5 (

Annotations:
D:4 Wdx2's ghost, amateur DrMo


Innate Abilities, Weirdness & Mutations

You have razor-sharp teeth.
Your natural rate of healing is unusually fast.
When hurt, damage is shared between your health and your magic reserves.
Your bite disrupts and absorbs the magic of your enemies.
Potions cannot restore your health.
You are immune to rotting.


Message History

Your horns disappear.
The hog bites you!
* * * LOW HITPOINT WARNING * * *
The hog barely misses you.
You spin and attack the hog.
You closely miss the hog. You bite the hog. You drain its power.
You feel invigorated.
The hog is heavily wounded.
The hog bites you.
* * * LOW HITPOINT WARNING * * *
The hog bites you.
* * * LOW HITPOINT WARNING * * *
As you read the scroll of teleportation, it crumbles to dust.
You feel strangely unstable. The hog bites you!
* * * LOW HITPOINT WARNING * * *
The hog barely misses you. The yak barely misses you.
You spin and attack the yak.
You hit the yak but do no damage. Your bite misses the yak.
The yak is lightly wounded.
The yak closely misses you. The hog bites you.
You die...

.....#....†....#...............†.
.....#.........#..............<..
###'###.##....##...##...####.####
#....##+##....##...##...###### #
.............................#
...######....................#
...###..###....p.............#
...##∩_..###...Yhh........(..#
#..###.....##.##@####'####...# ##
#######..#..####.####..###...###.
....# #####..#..........#........
#)..# ###..##..........#........
#...####...###..........#........
#...##....###...###..####...####.
#...#.(.(####...###'#####...####.
.....)..........))...............
......)..........).........>.....


You could see a yak, 2 hogs and a human.

Vanquished Creatures
  Grinder (D:4)
  Sigmund (D:6)
  A hog (D:7)
  Menkaure (D:6)
  Duvessa (D:7)
  An ice beast (D:6)
  4 sky beasts
  2 ogres
  2 big kobolds (D:7)
  A scorpion (D:4)
  Dowan (D:7)
  3 killer bees
  A howler monkey (D:7)
  4 crimson imps
  A bullfrog zombie (D:3)
  4 orc priests
  Crazy Yiuf (D:6)
  An iguana (D:4)
  A centaur skeleton (D:4)
  6 worker ants
  2 hound zombies
  A hound skeleton (D:7)
  A worker ant zombie (D:5)
  4 gnolls (D:3)
  9 adders
  2 shadow imps
  3 oozes
  2 adder skeletons
  2 adder zombies
  2 dart slugs
  A worm (D:6)
  3 leopard geckos
  11 orcs
  9 bats
  5 giant cockroaches
  9 goblins
  2 hobgoblins (D:3)
  7 jackals
  17 kobolds
  2 quokkas
  6 frilled lizards
  A giant cockroach zombie (D:6)
  A jackal zombie (D:5)
  A leopard gecko zombie (D:5)
  A quokka skeleton (D:5)
  11 rats
153 creatures vanquished.

Vanquished Creatures (collateral kills)
  A necrophage (D:7)
  A worker ant (D:4)
2 creatures vanquished.

Grand Total: 155 creatures vanquished

Notes
Turn   | Place    | Note
-------+----------+-------------------------------------------
     0 | D:1      | AlphabetPasta the Vine Stalker Transmuter began the quest for the Orb.
     0 | D:1      | Reached XP level 1. HP: 9/9 MP: 4/4
    22 | D:1      | Reached XP level 2. HP: 8/14 MP: 3/6
   165 | D:1      | Learned a level 2 spell: Sticks to Snakes
   322 | D:1      | Reached skill level 1 in Fighting
   471 | D:1      | Reached XP level 3. HP: 18/18 MP: 7/7
   500 | D:1      | Learned a level 3 spell: Spider Form
  1188 | D:2      | Found a stormy altar of Qazlal.
  1194 | D:2      | Found a blossoming altar of Fedhas.
  1320 | D:2      | Gained mutation: Your natural rate of healing is unusually fast. [Vine Stalker growth]
  1320 | D:2      | Reached XP level 4. HP: 16/22 MP: 6/8
  1797 | D:3      | Reached XP level 5. HP: 26/26 MP: 8/10
  1799 | D:3      | Found a glowing silver altar of Zin.
  1895 | D:3      | Found an iron altar of Okawaru.
  2031 | D:3      | Found a shadowy altar of Dithmenos.
  2141 | D:3      | Found a snail-covered altar of Cheibriados.
  2262 | D:4      | Noticed Grinder
  2269 | D:4      | Paralysed by Grinder for 6 turns
  2293 | D:4      | Killed Grinder
  2293 | D:4      | Reached XP level 6. HP: 12/30 MP: 0/11
  2299 | D:4      | Learned a level 4 spell: Ice Form
  2467 | D:4      | Reached XP level 7. HP: 13/35 MP: 9/12
  2653 | D:4      | Reached skill level 5 in Unarmed Combat
  2690 | D:4      | Noticed Wdx2's ghost (amateur DrMo)
  2934 | D:4      | Found a staircase to the Ecumenical Temple.
  2943 | Temple   | Entered the Ecumenical Temple
  2993 | Temple   | Became a worshipper of the Wu Jian Council
  3275 | D:5      | Entered Level 5 of the Dungeon
  3314 | D:5      | Found Gis Noss's Antique Weapon Shop.
  3381 | D:5      | Reached skill level 5 in Transmutations
  3387 | D:5      | Found a blossoming altar of Fedhas.
  3787 | D:5      | Gained mutation: You have razor-sharp teeth. [Vine Stalker growth]
  3787 | D:5      | Reached XP level 8. HP: 38/39 MP: 14/14
  4085 | D:6      | Learned a level 4 spell: Ice Form
  4252 | D:6      | Reached * piety under Wu Jian
  4349 | D:6      | Noticed Menkaure
  4359 | D:6      | Killed Menkaure
  4598 | D:6      | Noticed Sigmund
  4636 | D:6      | Killed Sigmund
  4745 | D:6      | Found a runed door.
  4842 | D:6      | Noticed Crazy Yiuf
  4848 | D:6      | Killed Crazy Yiuf
  5014 | D:7      | Noticed Dowan
  5019 | D:7      | Reached skill level 1 in Evocations
  5071 | D:7      | Found a sacrificial altar of Ru.
  5083 | D:7      | Reached XP level 9. HP: 30/44 MP: 16/16
  5154 | D:7      | Found a burning altar of Makhleb.
  5291 | D:7      | Reached ** piety under Wu Jian
  5460 | D:7      | Killed Dowan
  5685 | D:7      | Found a radiant altar of Vehumet.
  5703 | D:7      | Learned a level 5 spell: Blade Hands
  5796 | D:7      | Noticed Duvessa
  5813 | D:7      | Killed Duvessa
  5888 | D:7      | HP: 2/45 [hog (4)]
  5889 | D:7      | Slain by a hog

Vault maps used:
D:1:      dpeg_arrival_ratfight, grunt_decor_clamped
D:2:      grunt_temple_overflow_forces_of_nature, serial_bayou_pond_d
D:3:      okawaru_trees_1, lemuel_round_altar, nicolae_dithmenos_shadow_blocks,
          kennysheep_slug_shrine
D:4:      minmay_temple_entry_mist, uniq_grinder
D:5:      first_bread, serial_shops, nicolae_shop_stone,
          kennysheep_big_empty_room, fedhas_altar_1
D:6:      uniq_sigmund, uniq_menkaure, uniq_crazy_yiuf_cottage
D:7:      hangedman_ru_absence, kennysheep_mini_moat,
          makhleb_blood_cavern_becter, grunt_livestock,
          small_statue_intersection, minivault_26, uniq_duvessa
Temple:   minmay_temple_bridge_abc

Skill      XL: |  1  2  3  4  5  6  7  8  9 |
---------------+----------------------------+-----
Fighting       | 1 2 3 4 |  4.1
Transmutations | 3 4 5 6 7 |  7.0
Dodging        | 2 3 4 |  4.0
Unarmed Combat | 4 5 6 7 |  7.5
Spellcasting   | 3 4 |  4.9
Evocations     | 1 2 |  2.0

Action                   |  1- 3 |  4- 6 |  7- 9 || total
-------------------------+-------+-------+-------++-------
Melee: Unarmed           |    91 |   124 |   366 ||   581
       Bite              |    10 |    39 |   102 ||   151
       Headbutt          |     1 |    21 |    38 ||    60
       Kick              |     1 |    13 |    30 ||    44
       Punch             |       |     1 |     5 ||     6
Throw: Javelin           |       |       |     1 ||     1
 Cast: Beastly Appendage |    20 |    21 |    55 ||    96
       Sticks to Snakes  |       |     2 |     8 ||    10
       Spider Form       |       |       |     1 ||     1
  Use: Scroll            |     6 |     4 |    12 ||    22
 Stab: Sleeping          |     1 |     1 |     1 ||     3
  Eat: Bread ration      |     1 |       |       ||     1
       Chunk             |       |     1 |    12 ||    13
Armor: Robe              |    15 |    20 |    41 ||    76
       Skin              |       |       |     1 ||     1
Dodge: Dodged            |    42 |    66 |   232 ||   340
